 Dungeon Crawl Stone Soup version 0.24.1-14-gf8d2b509d9 (webtiles) character file.

Game seed: 18418685441008871915, levelgen mode: deterministic

1842 mortelune the Transmogrifier (level 9, -2/98 HPs)
             Began as a Naga Transmuter on May 21, 2020.
             Was a Believer of Cheibriados.
             Slain by Joseph
             ... wielding a +4 quarterstaff
              (15 damage)
             ... on level 7 of the Dungeon.
             The game lasted 00:15:57 (11352 turns).

mortelune the Transmogrifier (Naga Transmuter)     Turns: 11352, Time: 00:15:58

Health: -2/98      AC:  6    Str: 16    XL:     9   Next: 12%
Magic:  1/17       EV: 10    Int: 21    God:    Cheibriados [**....]
Gold:   134        SH:  0    Dex: 16    Spells: 4/19 levels left

rFire    x . .     SeeInvis +     - Unarmed
rCold    + + +     Gourm    .   (shield currently unavailable)
rNeg     . . .     Faith    .   (armour currently unavailable)
rPois    +         Spirit   .   (helmet currently unavailable)
rElec    .         Reflect  .   (cloak currently unavailable)
rCorr    .         Harm     .   (gloves currently unavailable)
MR       +....                  (no barding)
Stlth    +.........             (no amulet)
HPRegen  0.26/turn              (no ring)
MPRegen  0.15/turn              (no ring)

@: ice-form, very slightly contaminated, invisible, very slow
A: large, see invisible, slow metabolism 1, spit poison 1, AC +3
a: Spit Poison, End Transformation, Bend Time, Renounce Religion


You were on level 7 of the Dungeon.
You worshipped Cheibriados.
Cheibriados was pleased with you.
You were not hungry.
You were a creature of crystalline ice.
You visited 2 branches of the dungeon, and saw 8 of its levels.

You collected 299 gold pieces.
You spent 165 gold pieces at shops.

Inventory:

Hand Weapons
 b - a +1 hunting sling of freezing (melded)
Missiles
 g - 8 curare-tipped darts (quivered)
 r - 97 arrows
 Q - 33 stones
Armour
 f - a +1 cloak (melded)
 k - a +0 helmet
 m - a +0 robe (melded)
 n - a scarf of cloud immunity
 s - a +0 robe
Jewellery
 u - an uncursed ring of stealth {unknown}
Wands
 q - a wand of scattershot (5)
Scrolls
 i - a scroll of holy word {unknown}
 j - 2 scrolls of enchant armour
 o - 2 scrolls of remove curse
 p - 2 scrolls of amnesia
 w - a scroll of immolation {unknown}
Potions
 c - a potion of brilliance {unknown}
 e - a potion of ambrosia {unknown}
 h - a potion of magic {unknown}
 l - 3 potions of lignification {unknown}
 t - a potion of curing {unknown}
 x - a potion of flight {unknown}
Comestibles
 d - 9 rations


   Skills:
 + Level 5.7 Fighting
 - Level 1.7 Dodging
 - Level 3.1 Unarmed Combat
 + Level 5.5 Spellcasting
 * Level 8.3 Transmutations


You had 4 spell levels left.
You knew the following spells:

 Your Spells              Type           Power        Failure   Level  Hunger
a - Beastly Appendage     Tmut           #####.       1%          1    None
b - Sticks to Snakes      Tmut           #####...     1%          2    None
c - Spider Form           Tmut/Pois      ###.......   5%          3    ##.....
d - Ice Form              Ice/Tmut       ###.....     19%         4    ####...
e - Blade Hands           Tmut           #####.....   10%         5    #####..

Your spell library contained the following spells:

 Spells                   Type           Power        Failure   Level  Hunger


Dungeon Overview and Level Annotations

Branches:
Dungeon (7/15)             Temple (1/1) D:4

Altars:
Ashenzari
Cheibriados
Dithmenos
Elyvilon
Fedhas
Gozag
Kikubaaqudgha
Makhleb
Nemelex Xobeh
Okawaru
Qazlal
Ru
Sif Muna
Trog
Uskayaw
Vehumet
Wu Jian
Xom
Yredelemnul
Zin
The Shining One

Shops:
D:4 %   D:5 *

Annotations:
D:3 3 runed translucent doors, DavePickles's ghost, amateur GnAE; PaperTurtle's ghost, amateur MiFi; Sassenached's ghost, amateur HOWn; harkrass's ghost, amateur MiFi
D:7 Joseph


Innate Abilities, Weirdness & Mutations

You cannot wear boots.
((Your serpentine skin is tough. (AC +3)))
You have supernaturally acute eyesight. (SInv)
((Armour fits poorly on your strangely shaped body.))
((Your system is resistant to poisons. (rPois)))
((You cover ground very slowly.))
You have a slow metabolism.
You can spit poison.


Message History

Joseph hits you with a +4 quarterstaff!
You see here 2 sling bullets.
You barely miss Joseph.
Joseph is moderately wounded.
Joseph hits you with a +4 quarterstaff!
* * * LOW HITPOINT WARNING * * *
You punch Joseph! You freeze Joseph.
Joseph is heavily wounded.
Joseph hits you with a +4 quarterstaff!
* * * LOW HITPOINT WARNING * * *
You fade into invisibility!
You punch Joseph! You freeze Joseph.
Joseph is severely wounded.
Joseph says, "You must be punished!
Or...
I want to punish you!" Joseph hits you with a +4 quarterstaff.
* * * LOW HITPOINT WARNING * * *
You hit Joseph but do no damage.
Joseph is severely wounded.
Joseph hits you with a +4 quarterstaff!
You die...

#...........
#.#.........
#.#.........
#.#(........
#.#(....##+#
#.#....##
#.#(..## #.#(.##
#.#Y## #.#@#
#.#.(.@...$
#.###...8.. #.#
#.#...
#######.#####.8..
##
#......>....##..
<# #.........###
#.. รท#
#.........# #+


You could see Joseph.

Vanquished Creatures
  Grinder (D:6)
  A water moccasin (D:6)
  An orc warrior (D:6)
  A black bear (D:6)
  2 ice beasts
  2 sky beasts (D:5)
  2 ogres (D:4)
  2 centaur zombies
  3 hounds
  A jelly (D:5)
  An orc priest (D:6)
  A bullfrog skeleton (D:5)
  3 orc wizards
  9 worker ants
  A killer bee zombie (D:6)
  A hound skeleton (D:7)
  13 adders
  A howler monkey skeleton (D:6)
  A shadow imp (D:6)
  4 oozes
  An adder skeleton (D:4)
  2 worms
  2 dart slugs
  3 leopard geckos
  16 orcs
  6 bats
  5 giant cockroaches
  10 goblins
  4 hobgoblins
  13 jackals
  A quokka (D:3)
  3 ball pythons
  A ball python skeleton (D:5)
  2 frilled lizards
  9 kobolds
  A quokka skeleton (D:2)
  7 rats
137 creatures vanquished.

Vanquished Creatures (collateral kills)
  A hound (D:4)
  2 adders
  An ooze (D:4)
  An adder zombie (D:7)
  A dart slug (D:4)
  A frilled lizard (D:4)
7 creatures vanquished.

Vanquished Creatures (others)
  A worm (D:3)
  A bat (D:3)
2 creatures vanquished.

Grand Total: 146 creatures vanquished

Notes
Turn   | Place    | Note
-------+----------+-------------------------------------------
     0 | D:1      | mortelune the Naga Transmuter began the quest for the Orb.
     0 | D:1      | Reached XP level 1. HP: 18/18 MP: 3/3
   153 | D:1      | Reached XP level 2. HP: 25/25 MP: 5/5
   215 | D:1      | Learned a level 2 spell: Sticks to Snakes
  1135 | D:1      | Reached XP level 3. HP: 27/31 MP: 6/6
  1140 | D:1      | Learned a level 3 spell: Spider Form
  1826 | D:2      | Reached skill level 3 in Transmutations
  1859 | D:2      | Reached XP level 4. HP: 8/39 MP: 7/7
  2785 | D:2      | Found a shadowy altar of Dithmenos.
  3038 | D:3      | Found a bloodstained altar of Trog.
  3234 | D:3      | Found a runed translucent gate.
  3234 | D:3      | Found a runed translucent gate.
  3255 | D:3      | Reached XP level 5. HP: 41/46 MP: 7/9
  4398 | D:3      | Found a white marble altar of Elyvilon.
  4796 | D:3      | Reached skill level 4 in Transmutations
  4832 | D:3      | Found a runed translucent gate.
  4833 | D:3      | Noticed DavePickles's ghost (amateur GnAE)
  4833 | D:3      | Noticed PaperTurtle's ghost (amateur MiFi)
  4834 | D:3      | Noticed harkrass's ghost (amateur MiFi)
  4834 | D:3      | Noticed harkrass's ghost (amateur MiFi)
  4834 | D:3      | Noticed Sassenached's ghost (amateur HOWn)
  5330 | D:4      | Learned a level 4 spell: Ice Form
  5475 | D:4      | Noticed an ogre
  5484 | D:4      | Killed an ogre
  5484 | D:4      | Reached XP level 6. HP: 56/56 MP: 0/10
  5798 | D:4      | Reached skill level 5 in Transmutations
  5837 | D:4      | Found Qufos's Food Shoppe.
  6096 | D:4      | Found an iron altar of Okawaru.
  6111 | D:4      | Reached XP level 7. HP: 59/62 MP: 9/12
  6401 | D:4      | Found a staircase to the Ecumenical Temple.
  6785 | Temple   | Entered the Ecumenical Temple
  6850 | Temple   | Became a worshipper of Cheibriados the Contemplative
  6877 | D:5      | Entered Level 5 of the Dungeon
  8413 | D:5      | Found a basalt altar of Yredelemnul.
  8443 | D:5      | Reached skill level 6 in Transmutations
  8673 | D:5      | Reached XP level 8. HP: 38/72 MP: 14/14
  8903 | D:5      | Found Gepserche's Assorted Antiques.
  8911 | D:5      | Bought a runed hunting sling for 135 gold pieces
  8911 | D:5      | Bought a scroll labeled NEZXID ZURHOP for 30 gold pieces
  9538 | D:6      | Noticed Grinder
  9551 | D:6      | Reached * piety under Cheibriados
  9574 | D:6      | Learned a level 5 spell: Blade Hands
  9965 | D:6      | Killed Grinder
  9965 | D:6      | Reached skill level 7 in Transmutations
 10045 | D:6      | Found a shimmering altar of Xom.
 10046 | D:6      | Noticed an angel
 10052 | D:6      | Reached skill level 5 in Fighting
 10128 | D:6      | Reached skill level 5 in Spellcasting
 10675 | D:6      | Found a glowing silver altar of Zin.
 10760 | D:6      | Found a radiant altar of Vehumet.
 10767 | D:6      | Reached skill level 8 in Transmutations
 10767 | D:6      | Reached XP level 9. HP: 49/81 MP: 8/17
 11167 | D:7      | Reached ** piety under Cheibriados
 11328 | D:7      | Noticed Joseph
 11352 | D:7      | Slain by Joseph

Levels and vault maps discovered:
D:1:      psy_arrival_dodecagon, layout_rooms
D:2:      layout_rooms, grunt_dithmenos_smoke_and_mirrors
D:3:      wad_crossroads, layout_basic, elyvilon_altar_1, lemuel_crystal_altar,
          gammafunk_ghost_cemetery, lemuel_old_faithful
D:4:      layout_loops_ring, okawaru_trees_1, nicolae_overflow_hidden_temple,
          minmay_temple_entry_antechambers, serial_shops, shop, first_ration
D:5:      layout_loops_corners, lemuel_crystal_altar, serial_shops,
          nicolae_shop_behind_doors
D:6:      layout_rooms, grunt_temple_overflow_order_and_chaos_1,
          marbit_many_paths, minmay_misc_feat_five, uniq_grinder
D:7:      layout_basic, ebering_ghost_disaster_area, dk_noncrumbling_3,
          uniq_pikel, uniq_joseph
Temple:   nicolae_temple_god_jail

Skill      XL: |  1  2  3  4  5  6  7  8 |
---------------+-------------------------+-----
Transmutations | 3 4 5 6 8 |  8.3
Fighting       | 2 3 4 5 |  5.7
Spellcasting   | 3 4 5 |  5.5
Dodging        | |  1.7
Unarmed Combat | |  3.1

Action                   |  1- 3 |  4- 6 |  7- 9 || total
-------------------------+-------+-------+-------++-------
Melee: Unarmed           |   109 |   223 |   246 ||   578
       Headbutt          |    11 |    14 |    20 ||    45
       Punch             |     2 |     2 |     3 ||     7
 Fire: Hunting sling     |       |       |     4 ||     4
Throw: Dart              |       |       |     1 ||     1
 Cast: Beastly Appendage |    12 |    15 |     9 ||    36
       Spider Form       |       |     7 |     5 ||    12
       Sticks to Snakes  |       |    14 |    13 ||    27
       Blade Hands       |       |       |    14 ||    14
       Ice Form          |       |       |     7 ||     7
 Abil: Spit Poison       |     1 |     3 |     1 ||     5
  Use: Scroll            |       |     2 |     4 ||     6
       Potion            |       |       |     1 ||     1
 Stab: Sleeping          |     1 |     1 |       ||     2
  Eat: Chunk             |     1 |    13 |    12 ||    26
       Ration            |       |       |     2 ||     2
Armor: Robe              |    20 |    65 |    45 ||   130
       Skin              |       |     2 |    14 ||    16
Dodge: Dodged            |    59 |   146 |   144 ||   349
